 Dungeon Crawl Stone Soup version 0.27-a0-1334-g2746e35aca (webtiles) character file.

Game seed: 13684881562789777503

379 Gargoyl the Skirmisher (level 6, -5/53 HPs)
             Began as a Gnoll Abyssal Knight on June 26, 2021.
             Was a Priest of Lugonu.
             Splashed by Ijyb's acid (8 damage)
             ... on level 4 of the Dungeon.
             The game lasted 00:04:34 (3701 turns).

Gargoyl the Skirmisher (Gnoll Abyssal Knight)       Turns: 3701, Time: 00:04:35

Health: -5/53      AC:  4    Str: 13    XL:     6   Next: 74%
Magic:  9/9        EV: 11    Int: 12    God:    Lugonu [***...]
Gold:   218        SH:  5    Dex: 13    Spells: 9/9 levels left

rFire    . . .     SeeInvis .   l - +2 quarterstaff (chaos)
rCold    . . .     Faith    .   (shield currently unavailable)
rNeg     . . .     Spirit   .   b - +0 ring mail of Paranoia {Dex+2 Slay+3 Stlth+}
rPois    .         Reflect  +   (no helmet)
rElec    .         Harm     .   m - +0 cloak
rCorr    .         Rampage  .   c - +0 pair of gloves
Will     .....                  (no boots)
Stlth    ++........             f - amulet of reflection
HPRegen  0.17/turn              (no ring)
MPRegen  0.11/turn              (no ring)

@: corroded
A: fangs 1, strong nose, distributed training
a: Renounce Religion, Depart the Abyss, Bend Space, Banish


You were on level 4 of the Dungeon.
You worshipped Lugonu.
Lugonu was most pleased with you.
You visited 1 branch of the dungeon, and saw 4 of its levels.
You visited the Abyss 1 time.
You also visited: Sewer.

You collected 218 gold pieces.

Inventory:

Hand Weapons
 a - a +1 hand axe
 l - a +2 quarterstaff of chaos (weapon)
Missiles
 d - 5 javelins
Armour
 b - the +0 ring mail of Paranoia (worn) {Dex+2 Slay+3 Stlth+}
   (You found it on level 4 of the Dungeon)

   It affects your dexterity (+2).
   It affects your accuracy and damage with ranged weapons and melee attacks
   (+3).
   It makes you more stealthy.
 c - a +0 pair of gloves (worn)
 k - a +0 buckler of cold resistance
 m - a +0 cloak (worn)
Jewellery
 f - an amulet of reflection (around neck)
Scrolls
 i - 3 scrolls of teleportation
Potions
 e - a potion of flight {unknown}
 g - 4 potions of curing
 j - 2 potions of might


   Skills:
 + Level 6.9 Fighting
 + Level 2.1 Short Blades
 + Level 2.1 Long Blades
 + Level 5.0 Axes
 + Level 2.1 Maces & Flails
 + Level 2.1 Polearms
 + Level 2.1 Staves
 + Level 2.1 Slings
 + Level 2.1 Bows
 + Level 2.1 Crossbows
 + Level 2.1 Throwing
 + Level 5.0 Armour
 + Level 3.3 Dodging
 + Level 2.1 Stealth
 + Level 2.1 Shields
 + Level 2.1 Unarmed Combat
 + Level 2.1 Spellcasting
 + Level 1.6 Conjurations
 + Level 1.6 Hexes
 + Level 1.6 Summonings
 + Level 1.6 Necromancy
 + Level 1.6 Translocations
 + Level 1.6 Transmutations
 + Level 1.6 Fire Magic
 + Level 1.6 Ice Magic
 + Level 1.6 Air Magic
 + Level 1.6 Earth Magic
 + Level 1.6 Poison Magic
 + Level 5.1 Invocations
 + Level 2.1 Evocations


You had 9 spell levels left.
You didn't know any spells.
Your spell library was empty.

Dungeon Overview and Level Annotations

Branches:
Dungeon (4/15)             Temple (0/1) D:4           Sewer (visited)

Altars:
Dithmenos
Ru

Annotations:
D:4 Ijyb


Innate Abilities, Weirdness & Mutations

You have very sharp teeth.
Your uncanny sense of smell can sniff out nearby items.
Your experience applies equally to all skills.


Message History

You sock Ijyb!
Ijyb is severely wounded.
Ijyb hits you with a +0 dagger.
You hit Ijyb.
Ijyb seems to speed up.
Ijyb is almost dead.
Ijyb zaps a wand.
The bolt of acid hits you!
You are splashed with acid!
Ijyb hits you with a +0 dagger.
You hit Ijyb.
Ijyb is almost dead.
Ijyb hits you with a +0 dagger. Ijyb barely misses you.
You closely miss Ijyb. You bite Ijyb, but do no damage.
Ijyb is almost dead.
Ijyb zaps a wand.
The bolt of acid misses you. You block Ijyb's attack.
You closely miss Ijyb.
Ijyb is almost dead.
Ijyb zaps a wand.
The bolt of acid hits you!
You are splashed with acid!
* * * LOW HITPOINT WARNING * * *
Ijyb hits you but does no damage.
Unknown command.
You feel much better. You block Ijyb's attack.
You closely miss Ijyb.
Ijyb is almost dead.
Ijyb hits you but does no damage.
Ijyb zaps a wand.
The bolt of acid hits you but does no damage.
You are splashed with acid!
You hit Ijyb but do no damage.
Ijyb suddenly seems more agile.
Ijyb is almost dead.
You block Ijyb's attack. Ijyb hits you with a +0 dagger.
You barely miss Ijyb. Your bite misses Ijyb.
Ijyb is almost dead.
You block Ijyb's attack.
You miss Ijyb.
Ijyb is almost dead.
Ijyb barely misses you. You block Ijyb's attack.
You barely miss Ijyb.
Ijyb is almost dead.
You block Ijyb's attack.
Ijyb zaps a wand.
The bolt of acid hits you!!
* * * LOW HITPOINT WARNING * * *
The acid corrodes you!
You are splashed with acid!
You die...

#. .# #.#.# ..... # #...# #+##.
#...# .... ...# ###+### ..#
#######g.# #.....# #.# #......@.#
#.....# # #.## #.#####.## #.....+
# #..# .# #.########.....# #
##.####.#####.##....)......# #
#..#........<#..###+###.###.#
.#####.#.#..........# #.# #...#..
.........#######..#.###.###...###
.######.########.รท#.###_).'...#
# ....................###.###...#


You could see Ijyb (fast, agile).

Vanquished Creatures
  Sigmund (D:2)
  A bullfrog skeleton (D:4)
  Crazy Yiuf (D:2)
  Natasha (twice) (D:4)
  4 adders
  3 dart slugs
  An orc (D:4)
  5 ball pythons
  3 endoplasms
  5 giant cockroaches
  5 hobgoblins
  16 jackals
  6 kobolds
  3 quokkas
  9 bats
  5 frilled lizards (Sewer)
  3 goblins
  12 rats
85 creatures vanquished.

Notes
Turn   | Place    | Note
-------+----------+-------------------------------------------
     0 | Abyss:1  | Gargoyl the Gnoll Abyssal Knight began the quest for the
                  | Orb.
     0 | Abyss:1  | Reached XP level 1. HP: 23/23 MP: 3/3
    24 | Abyss:2  | Noticed a wretched star
    25 | D:1      | Escaped the Abyss
   125 | D:1      | Reached * piety under Lugonu
   232 | D:1      | Reached XP level 2. HP: 20/29 MP: 5/5
   374 | D:1      | Found a faded altar of an unknown god.
   710 | D:1      | Reached XP level 3. HP: 35/35 MP: 6/6
  1476 | D:2      | Noticed Sigmund
  1486 | D:2      | Killed Sigmund
  1487 | D:2      | Reached skill level 1 in Short Blades
  1487 | D:2      | Reached skill level 1 in Long Blades
  1487 | D:2      | Reached skill level 1 in Maces & Flails
  1487 | D:2      | Reached skill level 1 in Polearms
  1487 | D:2      | Reached skill level 1 in Staves
  1487 | D:2      | Reached skill level 1 in Slings
  1487 | D:2      | Reached skill level 1 in Bows
  1487 | D:2      | Reached skill level 1 in Crossbows
  1487 | D:2      | Reached skill level 1 in Throwing
  1487 | D:2      | Reached skill level 1 in Stealth
  1487 | D:2      | Reached skill level 1 in Shields
  1487 | D:2      | Reached skill level 1 in Unarmed Combat
  1487 | D:2      | Reached skill level 1 in Spellcasting
  1487 | D:2      | Reached skill level 1 in Conjurations
  1487 | D:2      | Reached skill level 1 in Hexes
  1487 | D:2      | Reached skill level 1 in Summonings
  1487 | D:2      | Reached skill level 1 in Necromancy
  1487 | D:2      | Reached skill level 1 in Translocations
  1487 | D:2      | Reached skill level 1 in Transmutations
  1487 | D:2      | Reached skill level 1 in Fire Magic
  1487 | D:2      | Reached skill level 1 in Ice Magic
  1487 | D:2      | Reached skill level 1 in Air Magic
  1487 | D:2      | Reached skill level 1 in Earth Magic
  1487 | D:2      | Reached skill level 1 in Poison Magic
  1487 | D:2      | Reached skill level 1 in Evocations
  1487 | D:2      | Reached XP level 4. HP: 25/41 MP: 7/7
  1487 | D:2      | Reached XP level 5. HP: 29/47 MP: 8/8
  1663 | D:2      | You fall into a shaft and drop 2 floors!
  1663 | D:4      | Found a staircase to the Ecumenical Temple.
  1668 | D:4      | Identified the +0 ring mail of Paranoia {Dex+2 Slay+3
                  | Stlth+}
  1794 | D:4      | Reached ** piety under Lugonu
  1795 | D:4      | Reached skill level 5 in Invocations
  1795 | D:4      | Reached XP level 6. HP: 46/53 MP: 9/9
  1853 | D:4      | Noticed Natasha
  1858 | D:4      | Found a sacrificial altar of Ru.
  1864 | D:4      | Killed Natasha
  2014 | D:3      | Found a glowing drain.
  2031 | Sewer    | Entered a sewer
  2523 | D:3      | Reached skill level 5 in Axes
  2523 | D:3      | Reached skill level 5 in Armour
  2601 | D:3      | Found a shadowy altar of Dithmenos.
  2995 | D:2      | Reached *** piety under Lugonu
  3306 | D:2      | Found a runed translucent door.
  3307 | D:2      | Noticed Crazy Yiuf
  3318 | D:2      | Killed Crazy Yiuf
  3403 | D:3      | Identified a scroll of acquirement
  3403 | D:3      | Acquired a +0 buckler of cold resistance
  3639 | D:4      | Noticed Natasha
  3652 | D:4      | Killed Natasha
  3686 | D:4      | Noticed Ijyb
  3701 | D:4      | Splashed by Ijyb's acid

Illustrated notes

Levels and vault maps discovered:
D:1:      nzn_arrival_depleted_hourglass, layout_basic,
          ebering_ecumenical_altar_box, minmay_misc_feat_rows, minmay_tall_x
D:2:      layout_basic, uniq_crazy_yiuf_cottage, uniq_sigmund
D:3:      layout_rooms, grunt_dithmenos_smoke, portal_sewer_entry_d
D:4:      layout_basic, lemuel_doored_altar, temple_statues,
          grunt_decor_arrowhead, uniq_natasha, uniq_ijyb

Skill      XL: |  1  2  3  4  5  6 |
---------------+-------------------+-----
Short Blades   | 1 2 |  2.1
Long Blades    | 1 2 |  2.1
Maces & Flails | 1 2 |  2.1
Polearms       | 1 2 |  2.1
Staves         | 1 2 |  2.1
Slings         | 1 2 |  2.1
Bows           | 1 2 |  2.1
Crossbows      | 1 2 |  2.1
Throwing       | 1 2 |  2.1
Dodging        | 3 |  3.3
Stealth        | 1 2 |  2.1
Shields        | 1 2 |  2.1
Unarmed Combat | 1 2 |  2.1
Spellcasting   | 1 2 |  2.1
Conjurations   | 1 |  1.6
Hexes          | 1 |  1.6
Summonings     | 1 |  1.6
Necromancy     | 1 |  1.6
Translocations | 1 |  1.6
Transmutations | 1 |  1.6
Fire Magic     | 1 |  1.6
Ice Magic      | 1 |  1.6
Air Magic      | 1 |  1.6
Earth Magic    | 1 |  1.6
Poison Magic   | 1 |  1.6
Evocations     | 1 2 |  2.1
Invocations    | 5 |  5.1
Axes           | 5 |  5.0
Armour         | 5 |  5.0
Fighting       | |  6.9

Action                   |  1- 3 |  4- 6 || total
-------------------------+-------+-------++-------
Melee: Hand axe          |    89 |   112 ||   201
       Bite              |     7 |     6 ||    13
       Quarterstaff      |       |    24 ||    24
       Punch             |       |     1 ||     1
Invok: Depart the Abyss  |     1 |       ||     1
  Use: Scroll            |     2 |     5 ||     7
       Potion            |     1 |     1 ||     2
 Stab: Sleeping          |       |     7 ||     7
Armor: Scale mail        |    86 |     2 ||    88
       Ring mail         |       |    49 ||    49
Dodge: Dodged            |    90 |    64 ||   154
Block: Other             |       |    29 ||    29

Table legend: (Time is in decaauts)
 A = Elapsed time spent in this place.
 B = Non-inter-level travel time spent in this place.
 C = Inter-level travel time spent in this place.
 D = Time resting spent in this place.
 E = Time spent auto-exploring this place.
 F = Levels seen in this place.
 G = Mean time per level.
                   A        B        C        D        E       F      G
               +--------+--------+--------+--------+--------+-----+--------+
         Total |   3786 |   3644 |    142 |      0 |   2823 |   7 |  540.9 |
       Dungeon |   3244 |   3102 |    142 |      0 |   2472 |   4 |  811.0 |
         Abyss |     24 |     24 |      0 |      0 |     11 |   2 |   12.0 |
         Sewer |    517 |    517 |      0 |      0 |    340 |   1 |  517.0 |
               +--------+--------+--------+--------+--------+-----+--------+

Top non-repeatable levels by time:
     D:1: 1294 daAuts
     D:2: 979 daAuts
   Sewer: 517 daAuts
     D:3: 487 daAuts
     D:4: 483 daAuts
 Abyss:2: 15 daAuts
 Abyss:1: 9 daAuts
